 Dungeon Crawl Stone Soup version 0.17-a0-1951-g62301d3 (webtiles) character file.

10998 shakdrar the Basher (level 12, 0/95 HPs)
             Began as a Formicid Fighter on Oct 2, 2015.
             Was a High Priest of Okawaru.
             Killed from afar by a manticore (9 damage)
             ... with a volley of spikes
             ... on level 11 of the Dungeon.
             The game lasted 00:52:12 (10155 turns).

shakdrar the Basher (Formicid Fighter)             Turns: 10155, Time: 00:52:12

Health: 0/95       AC: 18    Str: 29    XL:     12   Next: 2%
Magic:  0/21       EV: 10    Int: 11    God:    Okawaru [*****.]
Gold:   637        SH: 15    Dex:  8    Spells: 0 memorised, 11 levels left

rFire  . . .     SeeInvis +     M - +6 great mace "Luta" {holy, MR- MP+9 Int+3}
rCold  . . .     Clarity  .     h - +0 chain mail
rNeg   . . .     SustAt   .     c - +1 shield
rPois  .         Gourm    .     (helmet unavailable)
rElec  .         Spirit   +     P - +0 cloak (curse)
rCorr  .         Warding  .     l - +0 pair of gloves
rMut   .         Stasis   +     (no boots)
MR     .....                    G - amulet of guardian spirit
Stlth  ..........               (no ring)
                                H - +3 ring of strength

@: heroism, manticore barbs, not resistant to hostile enchantments, extremely
unstealthy
A: permanent stasis, dig shafts and tunnels, four strong arms, antennae 3, slimy
green scales 1, clumsy 1, regeneration 1
a: Dig, Shaft Self, Heroism, Renounce Religion


You were on level 11 of the Dungeon.
You worshipped Okawaru.
Okawaru was extremely pleased with you.
You were hungry.

You visited 1 branch of the dungeon, and saw 11 of its levels.
You also visited: Ossuary.

You collected 637 gold pieces.

Inventory:

Hand weapons
 a - a +0 flail
 j - a +2 whip of draining
 p - a +0 blowgun
 u - a +0 dire flail
 E - a +1 dire flail
 F - a +0 blowgun
 J - a +2 mace of protection
 M - the +6 great mace "Luta" (weapon) {holy, MR- MP+9 Int+3}
   (You acquired it on level 10 of the Dungeon)

   It has been blessed by the Shining One to cause great damage to the undead
   and demons.
   It affects your intelligence (+3).
   It affects your resistance to hostile enchantments.
   It affects your magic capacity (+9).
 Q - the +0 mace of Dung {venom, rElec rC++ rN+++ MR-}
   (You found it on level 10 of the Dungeon)

   It poisons the flesh of those it strikes.
   It greatly protects you from cold.
   It insulates you from electricity.
   It renders you almost immune to negative energy.
   It affects your resistance to hostile enchantments.
 U - the +8 hand crossbow of Vagaplio {penet, rC+, unknown}
   (Okawaru gifted it to you on level 11 of the Dungeon)

   Ammo fired by it will pass through the targets it hits, potentially hitting
   all targets in its path until it reaches maximum range.
   It protects you from cold.
Missiles
 q - 95 poisoned needles
Armour
 c - a +1 shield (worn)
 h - a +0 chain mail (worn)
 l - a +0 pair of gloves (worn)
 v - a +0 plate armour
 y - the +2 leather armour "Pasmauny" {rF++ MP+9, unknown}
   (You found it on level 7 of the Dungeon)

   It greatly protects you from fire.
   It affects your magic capacity (+9).
 P - a cursed +0 cloak (worn)
Jewellery
 w - an uncursed ring of positive energy {unknown}
 G - an amulet of guardian spirit (around neck)
 H - a +3 ring of strength (left hand)
 K - an uncursed ring of wizardry
 S - an uncursed ring of poison resistance {unknown}
Magical devices
 n - a wand of polymorph (13)
 A - a wand of magic darts (29)
 B - a wand of digging (11)
 L - a wand of draining (7)
 O - a wand of fireball (5)
Scrolls
 g - a scroll of recharging
 i - 9 scrolls of remove curse
 k - a scroll of enchant armour
 x - 3 scrolls of magic mapping
 R - a scroll of enchant weapon
 T - a scroll of fear
Potions
 b - 2 potions of might
 d - a potion of heal wounds {unknown}
 f - a potion of resistance
 r - 9 potions of curing
 t - 2 potions of lignification
 z - 2 potions of cancellation
 C - a potion of mutation
 N - a potion of agility {unknown}
Books
 s - a book of Necromancy

   Spells                             Type                      Level
   a - Pain                           Necromancy                   1
   b - Animate Skeleton               Necromancy                   1
   c - Vampiric Draining              Necromancy                   3
   d - Regeneration                   Charms/Necromancy            3
   e - Animate Dead                   Necromancy                   4
   f - Control Undead                 Necromancy                   4
Comestibles
 e - 9 bread rations
 m - 2 fruits
 o - 3 meat rations
 D - 9 slices of pizza
 I - a chunk of flesh


   Skills:
 + Level 9.3(14.3) Fighting
 * Level 11.7(16.7) Maces & Flails
 + Level 9.7(14.7) Armour
 + Level 10.2(15.2) Shields


You had 11 spell levels left.
You didn't know any spells.

Dungeon Overview and Level Annotations

Branches:
Dungeon (11/15)            Temple (0/1) D:7            Lair (0/8) D:10
    Orc: D:9-12

Altars:
Elyvilon
Fedhas
Gozag
Kikubaaqudgha
Makhleb
Nemelex Xobeh
Okawaru
Qazlal
Ru
Trog
Vehumet
Yredelemnul
The Shining One

Annotations:
D:8 exclusions: ice statue and obsidian statue
D:11 1 runed door


Innate Abilities, Weirdness & Mutations

You are under a permanent stasis effect.
You can dig through walls and to a lower floor.
Your four strong arms can wield two-handed weapons with a shield.
You have a pair of large antennae on your head (SInv).
You are partially covered in slimy green scales (AC +2).
You are clumsy. (Dex -2)
Your natural rate of healing is unusually fast.


Message History

The soldier ant stings you but does no damage.
A yak comes into view.
You closely miss the soldier ant.
The soldier ant is moderately wounded.
The yak bellows!
You block the soldier ant's attack.
You hear the steady crackling of a very distant melting archway.
The manticore flicks its tail.
The volley of spikes hits you!
The barbed spikes become lodged in your body.
* * * LOW HITPOINT WARNING * * *
The barbs in your skin will harm you if you move.
Continue?
Okay, then.
Use which ability?
Are you sure you want to shaft yourself?
You are feeling hungry.
The manticore flicks its tail.
The volley of spikes hits you!
The barbed spikes become lodged in your body.
You die...

## .. #.# #.# #.......
##########.# #.......
...........# #.......
...YY...a@.########.......
......†...................
......†H..................
..........................
.######[..................
+....<....####.####.
#......######8.8####
#.....###...##'##...
#..#####.._..#.#..⌠.


You could see a manticore, 2 yaks and a soldier ant.

Vanquished Creatures
  Erolcha (D:9)
  The ghost of shakdrar the Basher, an experienced GrBe of Trog (D:8)
  An unseen horror (D:11)
  A hill giant (D:11)
  An ugly thing (D:11)
  Maurice (D:10)
  A gargoyle (D:10)
  2 two-headed ogres
  2 wraiths (D:11)
  A hippogriff (D:7)
  Eustachio (D:5)
  2 fire bats (D:11)
  The ghost of shakdrar the Shield-Bearer, an average FoFi (D:3)
  A deep elf fighter (D:8)
  2 hungry ghosts
  The ghost of tp1 the Covered, an average GrBe of Trog (D:4)
  A water moccasin (D:5)
  An ice beast (D:9)
  5 black bears
  2 sky beasts
  A wasp (D:10)
  3 phantoms
  3 orc warriors
  6 centaurs
  6 ogres
  3 giant frogs
  2 big kobolds (D:10)
  Blork the orc (D:4)
  A gnoll sergeant (D:5)
  9 killer bees
  7 scorpions (Ossuary)
  A wight (D:8)
  4 crimson imps
  2 giant frog zombies
  2 jellies
  3 centaur zombies
  6 hounds
  7 orc priests
  A giant frog skeleton (D:5)
  3 human zombies (Ossuary)
  3 iguanas
  10 worker ants
  11 orc wizards
  A big kobold zombie (Ossuary)
  2 hound zombies
  4 mummies
  5 hound skeletons
  4 worker ant zombies
  8 gnolls
  9 adders
  2 scorpion zombies (Ossuary)
  A river rat (D:10)
  5 shadow imps
  2 adder zombies (D:4)
  An adder skeleton (D:4)
  2 worms
  4 giant geckos
  24 orcs
  23 bats
  3 giant cockroaches
  4 gnoll zombies (Ossuary)
  8 goblins
  4 hobgoblins
  19 kobolds
  5 quokkas
  3 ball pythons
  A giant gecko zombie (D:4)
  A giant newt (D:6)
  2 goblin zombies (Ossuary)
  A hobgoblin zombie (Ossuary)
  5 jackals
  A jackal zombie (D:5)
  4 kobold zombies (Ossuary)
  5 orc zombies (Ossuary)
  A quokka skeleton (D:7)
  A quokka zombie (D:4)
  10 rats
  A fungus (D:10)
  A plant (D:10)
301 creatures vanquished.

Notes
Turn   | Place    | Note
--------------------------------------------------------------
     0 | D:1      | shakdrar the Formicid Fighter began the quest for the Orb.
     0 | D:1      | Reached XP level 1. HP: 18/18 MP: 1/1
   154 | D:1      | Reached XP level 2. HP: 22/24 MP: 2/2
   561 | D:1      | Reached skill level 4 in Shields
   582 | D:1      | Reached XP level 3. HP: 26/29 MP: 3/3
  1329 | D:2      | Reached XP level 4. HP: 22/36 MP: 4/4
  1958 | D:3      | Reached XP level 5. HP: 32/42 MP: 5/5
  2093 | D:3      | Noticed shakdrar's ghost (average FoFi)
  2110 | D:3      | Killed shakdrar's ghost
  2110 | D:3      | Reached XP level 6. HP: 22/48 MP: 6/6
  2140 | D:3      | Noticed a centaur
  2219 | D:3      | Killed a centaur
  2219 | D:3      | Reached skill level 5 in Shields
  2219 | D:3      | Reached XP level 7. HP: 24/55 MP: 7/7
  2480 | D:3      | Found a sacrificial altar of Ru.
  2520 | D:3      | Found a stormy altar of Qazlal.
  2561 | D:3      | Found a white marble altar of Elyvilon.
  2562 | D:3      | Found an ancient bone altar of Kikubaaqudgha.
  2807 | D:4      | Found an iron altar of Okawaru.
  2825 | D:4      | Became a worshipper of Warmaster Okawaru
  2865 | D:4      | Reached skill level 5 in Maces & Flails
  2865 | D:4      | Reached skill level 5 in Armour
  3354 | D:4      | Reached XP level 8. HP: 51/61 MP: 8/8
  3477 | D:4      | Reached skill level 5 in Fighting
  3537 | D:4      | Noticed tp1's ghost (average GrBe)
  3537 | D:4      | Gained mutation: Your natural rate of healing is unusually fast. [potion of mutation]
  3537 | D:4      | Gained mutation: You are partially covered in slimy green scales (AC +2). [potion of mutation]
  3537 | D:4      | Gained mutation: You are clumsy. (Dex -2) [potion of mutation]
  3601 | D:4      | Killed tp1's ghost
  3601 | D:4      | Acquired Okawaru's first power
  3601 | D:4      | Reached skill level 6 in Maces & Flails
  3642 | D:4      | Noticed Blork the orc
  3684 | D:4      | Killed Blork the orc
  3927 | D:4      | Found a basalt altar of Yredelemnul.
  3927 | D:4      | Found a blossoming altar of Fedhas.
  4144 | D:5      | Entered Level 5 of the Dungeon
  4337 | D:5      | Reached skill level 7 in Maces & Flails
  4337 | D:5      | Reached XP level 9. HP: 57/69 MP: 9/9
  4501 | D:5      | Found an opulent altar of Gozag.
  4502 | D:5      | Found a sparkling altar of Nemelex Xobeh.
  4554 | D:5      | Noticed Eustachio
  4580 | D:5      | Killed Eustachio
  5250 | D:6      | Found a glowing golden altar of the Shining One.
  5334 | D:6      | Reached skill level 8 in Maces & Flails
  6216 | D:7      | Found a staircase to the Ecumenical Temple.
  6246 | D:7      | Reached XP level 10. HP: 62/77 MP: 8/10
  6295 | D:7      | Got a shimmering leather armour
  6509 | D:7      | Reached skill level 9 in Maces & Flails
  6623 | D:7      | Found an opulent altar of Gozag.
  6976 | D:8      | Noticed an obsidian statue
  6991 | D:8      | Noticed an ice statue
  7244 | D:8      | Noticed shakdrar's ghost (experienced GrBe)
  7296 | D:8      | Killed shakdrar's ghost
  7502 | D:8      | Found a sand-covered staircase.
  7515 | Ossuary  | Entered an ossuary
  7799 | Ossuary  | Reached skill level 10 in Maces & Flails
  8347 | D:9      | Reached XP level 11. HP: 84/86 MP: 9/11
  8365 | D:9      | Acquired Okawaru's second power
  8396 | D:9      | Noticed Erolcha
  8406 | D:9      | Killed Erolcha
  8467 | D:9      | Found a stormy altar of Qazlal.
  8613 | D:9      | Received a gift from Okawaru
  8950 | D:10     | Entered Level 10 of the Dungeon
  8959 | D:10     | Found a staircase to the Lair.
  9102 | D:10     | Reached skill level 11 in Maces & Flails
  9394 | D:10     | Identified a scroll of acquirement
  9395 | D:10     | Got a shimmering great mace
  9396 | D:10     | Identified the +6 great mace "Luta" {holy, MR- MP+9 Int+3} (You acquired it on level 10 of the Dungeon)
  9535 | D:10     | Noticed Maurice
  9550 | D:10     | Killed Maurice
  9587 | D:10     | Got a crude mace
  9588 | D:10     | Identified the +0 mace of Dung {venom, rElec rC++ rN+++ MR-} (You found it on level 10 of the Dungeon)
  9978 | D:11     | Noticed a hill giant
  9984 | D:11     | Killed a hill giant
 10017 | D:11     | Reached skill level 10 in Shields
 10026 | D:11     | Found a radiant altar of Vehumet.
 10036 | D:11     | Found a bloodstained altar of Trog.
 10048 | D:11     | Found a runed door.
 10058 | D:11     | Found a burning altar of Makhleb.
 10072 | D:11     | Noticed an unseen horror
 10096 | D:11     | Killed an unseen horror
 10096 | D:11     | Received a gift from Okawaru
 10097 | D:11     | Got a scorched hand crossbow {god gift}
 10136 | D:11     | Noticed a cyan ugly thing
 10147 | D:11     | Noticed a manticore
 10149 | D:11     | Killed a cyan ugly thing
 10149 | D:11     | Reached XP level 12. HP: 16/95 MP: 2/12
 10155 | D:11     | Killed from afar by a manticore

Vault maps used:
D:1:      onia_arrival_handbag, bh_walls_and_bars
D:3:      nicolae_overflow_hidden_temple, nicolae_ru_awakened_eye
D:4:      gammafunk_temple_overflow_wave, serial_undead, serial_undead_a,
          serial_undead_b, serial_undead_a, serial_undead_e, serial_undead_d,
          okawaru_metal_pillars_1_2, uniq_blork_the_orc
D:5:      grunt_temple_overflow_opulence, first_bread, uniq_eustachio
D:6:      tso_altar
D:7:      minmay_temple_entry_junction2, basic_altar, minmay_misc_feat_ornament
D:8:      minmay_separated_statues, gup_ossuary_entry_pyramid, grunt_pizzeria
D:9:      grunt_qazlal_sundering, uniq_erolcha
D:10:     due_lair_maze_entry_diamond, kennysheep_generic_room_13, uniq_maurice
D:11:     due_megacathedral, portal_ice_cave_entry_pillars_01
Ossuary:  ossuary_minmay_scorpions

Action                   |  1- 3 |  4- 6 |  7- 9 | 10-12 || total
-------------------------+-------+-------+-------+-------++-------
Melee: Flail             |    69 |       |       |       ||    69
       Whip              |    56 |    69 |   644 |   635 ||  1404
       Dire flail        |       |       |    32 |   105 ||   137
       Great mace        |       |       |       |    79 ||    79
       Mace              |       |       |       |    67 ||    67
Invok: Heroism           |       |       |     4 |     5 ||     9
 Abil: Dig               |     2 |       |     2 |     4 ||     8
       Shaft Self        |       |       |       |     1 ||     1
  Use: Scroll            |     5 |     3 |     5 |     9 ||    22
       Potion            |       |     2 |     1 |     5 ||     8
  Eat: Chunk             |     1 |     4 |     9 |    12 ||    26
       Bread ration      |       |       |     1 |       ||     1
       Beef jerky        |       |       |       |     1 ||     1
       Meat ration       |       |       |       |     1 ||     1
